 Dungeon Crawl Stone Soup version 0.28-b1-70-g80dc712255 (webtiles) character file.

Game seed: 2806692927803000053

14392 theEndsummarily the Basher (level 11, -4/104 HPs)
             Began as a Minotaur Cinder Acolyte on Feb 3, 2022.
             Was an Elder of Ignis.
             Slain by a boulder beetle (33 damage)
             ... on level 12 of the Dungeon.
             The game lasted 01:10:27 (17356 turns).

theEndsummarily the Basher (MiCA)                  Turns: 17356, Time: 01:10:28

Health: -4/104     AC: 21    Str: 22    XL:     11   Next: 88%
Magic:  20/20      EV: 15    Int: 11    God:    Ignis [****..]
Gold:   835        SH:  3    Dex:  7    Spells: 12/12 levels left

rFire   + + +      SeeInvis .   t - +1 flail (protect)
rCold   + . .      Faith    .   Z - +0 buckler
rNeg    . . .      Spirit   .   y - +3 ring mail "Wipsiq" {rF+}
rPois   .          Reflect  .   J - +2 hat
rElec   .          Harm     .   k - scarf {rC+ rF+}
rCorr   .          Rampage  .   K - +0 pair of gloves
Will    .....                   (no boots)
Stlth   +.........              (no amulet)
HPRegen 0.27/turn               g - ring of magical power
MPRegen 0.17/turn               P - +4 ring of evasion

@: under a protective aura
A: horns 2, retaliatory headbutt
a: Renounce Religion, Fiery Armour, Foxfire Swarm, Rising Flame


You were on level 12 of the Dungeon.
You worshipped Ignis.
Ignis was greatly pleased with you.
You visited 2 branches of the dungeon, and saw 13 of its levels.

You collected 835 gold pieces.

Inventory:

Hand Weapons
 a - a -1 mace of flaming
 t - a +1 flail of protection (weapon)
 R - a +3 flail
 U - a +2 whip of venom
 Y - a +1 scimitar of flaming
Missiles
 e - 24 poisoned darts (quivered)
 l - 95 sling bullets
 A - 5 javelins
 L - 2 datura-tipped darts
 S - 5 curare-tipped darts
 T - a boomerang of dispersal
 V - 8 silver boomerangs
Armour
 k - a scarf of resistance (worn)
 n - a +0 ring mail
 u - a +0 chain mail
 y - the +3 ring mail "Wipsiq" (worn) {rF+}
   (You found it on level 5 of the Dungeon)

   rF:        It protects you from fire.
 H - a +0 leather armour of positive energy
 J - a +2 hat (worn)
 K - a +0 pair of gloves (worn)
 N - the +1 chain mail of Demons {SInv}
   (You found it on level 9 of the Dungeon)

   SInv:      It lets you see invisible.
 O - a +1 chain mail of fire resistance
 Z - a +0 buckler (worn)
Jewellery
 g - a ring of magical power (left hand)
 I - a ring of fire
 P - a +4 ring of evasion (right hand)
Wands
 o - a wand of mindburst (24)
 F - a wand of polymorph (11)
 Q - a wand of iceblast (4)
Scrolls
 c - 7 scrolls of teleportation
 d - 5 scrolls of identify
 i - a scroll of blinking
 m - 3 scrolls of fog
 p - 3 scrolls of noise {unknown}
 q - 4 scrolls of magic mapping {unknown}
 r - 2 scrolls of torment {unknown}
 v - 2 scrolls of enchant weapon {unknown}
 w - 2 scrolls of fear
 C - 2 scrolls of silence {unknown}
 G - a scroll of acquirement {unknown}
 W - a scroll of amnesia {unknown}
 X - a scroll of summoning {unknown}
Potions
 b - 3 potions of flight
 f - a potion of mutation {unknown}
 h - 3 potions of might
 j - 3 potions of magic {unknown}
 s - a potion of degeneration {unknown}
 x - 4 potions of brilliance {unknown}
 z - a potion of haste {unknown}
 B - 3 potions of attraction {unknown}
 D - 3 potions of lignification {unknown}
 E - a potion of cancellation {unknown}
 M - a potion of curing


   Skills:
 + Level 12.3 Fighting
 + Level 13.3 Maces & Flails
 - Level 1.9 Throwing
 + Level 13.1 Armour
 + Level 5.3 Dodging
 - Level 1.8 Stealth
 + Level 2.2 Shields
 - Level 1.0 Spellcasting
 - Level 2.1 Fire Magic


You had 12 spell levels left.
You didn't know any spells.
Your spell library contained the following spells:

 Spells                   Type           Power      Damage    Failure   Level
 Scorch                   Fire           10%        2d5       36%         2
 Animate Skeleton         Necr           0%         N/A       52%         1
 Apportation              Tloc           0%         N/A       52%         1
 Magic Dart               Conj           0%         1d3       52%         1
 Summon Small Mammal      Summ           0%         N/A       52%         1
 Blink                    Tloc           0%         N/A       67%         2
 Call Imp                 Summ           0%         N/A       67%         2
 Sublimation of Blood     Necr           0%         N/A       67%         2
 Wereblood                Tmut           0%         N/A       67%         2
 Conjure Flame            Conj/Fire      2%         6-21      75%         3
 Ignite Poison            Fire/Tmut/Pois 2%         N/A       80%         3
 Call Canine Familiar     Summ           0%         N/A       88%         3
 Dazzling Flash           Conj/Hex       0%         N/A       88%         3
 Lesser Beckoning         Tloc           0%         N/A       88%         3
 Mephitic Cloud           Conj/Pois/Air  0%         N/A       88%         3
 Summon Guardian Golem    Hex/Summ       0%         N/A       88%         3
 Sticky Flame             Conj/Fire      2%         2d3       98%         4
 Agony                    Necr           0%         N/A       100%        5
 Fireball                 Conj/Fire      1%         3d3       100%        5
 Manifold Assault         Tloc           0%         N/A       100%        5
 Silence                  Hex/Air        0%         N/A       100%        5
 Starburst                Conj/Fire      1%         6d3       100%        6
 Summon Hydra             Summ           0%         N/A       100%        7
 Ignition                 Fire           2%         3d3       100%        8


Dungeon Overview and Level Annotations

Branches:
Dungeon (12/15)            Temple (1/1) D:7            Lair (0/6) D:10
    Orc (0/2) D:10

Altars:
Ashenzari
Cheibriados
Dithmenos
Elyvilon
Fedhas
Gozag
Hepliaklqana
Kikubaaqudgha
Makhleb
Nemelex Xobeh
Okawaru
Qazlal
Ru
Sif Muna
Trog
Uskayaw
Vehumet
Wu Jian
Xom
Yredelemnul
Zin
The Shining One

Annotations:
D:2 1 runed translucent door, Crazy Yiuf
D:3 1 runed translucent door
D:6 exclusion: 4 doors


Innate Abilities, Weirdness & Mutations

You have a pair of horns on your head.
You reflexively headbutt those who attack you in melee.


Message History

The boulder beetle bites you but does no damage.
Items here: ))) [[ ††.
You completely miss the boulder beetle.
The orc priest mumbles some strange prayers to Beogh against you.
Beogh smites you! The gnoll closely misses you. x2
The gnoll sergeant misses you. You block the gnoll's attack.
The boulder beetle bites you!!
* * * LOW HITPOINT WARNING * * *
You hit the orc priest but do no damage.
The gnoll sergeant hits you but does no damage.
The orc priest barely misses you.
You sock the orc priest!
You kill the orc priest!
The gnoll sergeant barely misses you.
Things that are here:
a yak corpse; a yak corpse; a yak corpse
Aiming: Mindburst
Press: ? - help, Shift-Dir - straight line, f - boulder beetle
Aim: a boulder beetle (chance to affect: 47%)
Okay, then.
The boulder beetle leaps!
The boulder beetle leaps!
The boulder beetle curls into a ball and begins rolling!
The boulder beetle barely misses you. You furiously retaliate!
You headbutt the boulder beetle, but do no damage.
The boulder beetle stops rolling and uncurls.
The boulder beetle curls into a ball and begins rolling!
The boulder beetle hits you!
* * * LOW HITPOINT WARNING * * *
The boulder beetle stops rolling and uncurls.
You hit the boulder beetle.
Your weapon exudes an aura of protection.
You headbutt the boulder beetle, but do no damage.
The boulder beetle is lightly wounded.
The boulder beetle curls into a ball and begins rolling!
Aiming: Polymorph
Press: ? - help, Shift-Dir - straight line, f - boulder beetle
Aim: a boulder beetle (lightly wounded, rolling, will become an ice dragon, a goliath frog, or a radroach, chance to affect: 31%)
The boulder beetle easily resists.
The boulder beetle hits you!!
You die...

#.# #.# #.#
###.###################.#### #.#
..........................>####.#
###.#.##################.#......#
# #.#......# #.....#.†..... #
#.#.####.# #.....#....... #
#.#......# #.....#......(
###.#####..#########.....#.......
........<(......@.##.....#.####.#
...##......######B#.g.g..#.......
..))......## #....○g####.######..
...######## #.###....^#°# #...
...# #.#....#....# #..# ...#
#####.#.#..####.#####... ####
#B......#.............##
#...........###.########
#......####.###.##......


You could see a boulder beetle (rolling) and a gnoll sergeant.

Vanquished Creatures
  A centaur warrior (D:10)
  2 two-headed ogres
  Sonja (D:10)
  A deep elf pyromancer (D:12)
  2 ugly things (D:11)
  A cyclops (D:12)
  2 komodo dragons (D:12)
  An efreet (D:12)
  2 trolls
  Prince Ribbit (D:8)
  Grinder (D:5)
  A vampire (D:11)
  4 wraiths
  A shadow (D:9)
  21 yaks
  A steam dragon (D:8)
  Menkaure (D:4)
  Edmund (D:4)
  Pargi (D:4)
  An ice beast (D:5)
  4 orc warriors
  A black bear (D:4)
  4 ogres
  7 centaurs
  4 necrophages
  2 phantoms
  4 kobold brigands
  3 bullfrogs
  3 scorpions
  2 water moccasin skeletons (D:5)
  8 killer bees (D:9)
  2 centaur zombies
  A bullfrog zombie (D:5)
  A hound (D:6)
  11 orc priests
  2 jellies
  A centaur skeleton (D:6)
  Jessica (D:2)
  2 iguanas (D:6)
  7 orc wizards
  A hound skeleton (D:4)
  Robin (D:2)
  A howler monkey zombie (D:8)
  10 gnolls
  8 adders
  2 shadow imps (D:7)
  3 white imps
  2 ufetubi (D:6)
  An adder skeleton (D:4)
  2 worms
  59 orcs
  6 ball pythons
  2 bats (D:1)
  8 endoplasms
  6 giant cockroaches
  36 goblins
  32 hobgoblins
  21 kobolds
  4 quokkas
  9 frilled lizards
  A goblin skeleton (D:3)
  A jackal skeleton (D:3)
  6 rats
339 creatures vanquished.

Vanquished Creatures (others)
  5 plants
  12 withered plants (D:9)
17 creatures vanquished.

Grand Total: 356 creatures vanquished

Notes
Turn   | Place    | Note
-------+----------+-------------------------------------------
     0 | D:1      | theEndsummarily the Minotaur Cinder Acolyte began the quest
                  | for the Orb.
     0 | D:1      | Reached XP level 1. HP: 19/19 MP: 1/1
   164 | D:1      | Reached skill level 1 in Armour
   237 | D:1      | Reached XP level 2. HP: 18/27 MP: 2/2
   858 | D:1      | Found a faded altar of an unknown god.
  1200 | D:2      | Reached XP level 3. HP: 34/34 MP: 3/3
  1626 | D:2      | Noticed Robin
  1708 | D:2      | Killed Robin
  1709 | D:2      | Reached XP level 4. HP: 26/41 MP: 4/4
  2105 | D:2      | Found a runed translucent door.
  2106 | D:2      | Noticed Crazy Yiuf
  2121 | D:2      | Noticed Jessica
  2126 | D:2      | Killed Jessica
  2127 | D:2      | Reached skill level 1 in Dodging
  2311 | D:3      | Found an ancient bone altar of Kikubaaqudgha.
  2369 | D:3      | Found a runed translucent door.
  2369 | D:3      | Noticed a human
  2372 | D:3      | Found a basalt altar of Yredelemnul.
  3336 | D:3      | Reached XP level 5. HP: 43/47 MP: 5/5
  3377 | D:3      | Reached skill level 5 in Maces & Flails
  4023 | D:3      | Reached skill level 5 in Fighting
  4452 | D:4      | Noticed Menkaure
  4456 | D:4      | Noticed Edmund
  4457 | D:4      | Killed Menkaure
  4458 | D:4      | Reached XP level 6. HP: 22/56 MP: 6/6
  4693 | D:3      | Found a broken altar of Ashenzari.
  5206 | D:4      | Reached skill level 1 in Stealth
  5359 | D:4      | Reached XP level 7. HP: 44/61 MP: 7/7
  5713 | D:4      | Noticed Pargi
  5731 | D:4      | Killed Pargi
  6260 | D:4      | Reached skill level 5 in Armour
  6566 | D:4      | Killed Edmund
  6764 | D:4      | Found a shimmering altar of Xom.
  7079 | D:5      | Entered Level 5 of the Dungeon
  7149 | D:5      | Reached XP level 8. HP: 67/70 MP: 8/8
  7155 | D:5      | Reached skill level 1 in Throwing
  7313 | D:5      | Noticed Grinder
  7341 | D:5      | Killed Grinder
  7896 | D:5      | Identified the +3 ring mail "Wipsiq" {rF+}
  8075 | D:5      | Found a sacrificial altar of Ru.
  8674 | D:6      | Found a glowing silver altar of Zin.
  8730 | D:6      | Reached XP level 9. HP: 76/78 MP: 9/9
  9344 | D:7      | Found a bloodstained altar of Trog.
  9482 | D:7      | Found a staircase to the Ecumenical Temple.
  9489 | Temple   | Entered the Ecumenical Temple
 10130 | D:7      | Found a stormy altar of Qazlal.
 10130 | D:7      | Found a blossoming altar of Fedhas.
 10131 | D:7      | Found a shadowy altar of Dithmenos.
 10412 | D:7      | Found an iron altar of Okawaru.
 10941 | D:8      | Found a sparkling altar of Nemelex Xobeh.
 11291 | D:8      | Reached skill level 10 in Maces & Flails
 11506 | D:8      | Noticed Prince Ribbit
 11519 | D:8      | Killed Prince Ribbit
 11520 | D:8      | Reached skill level 10 in Armour
 11861 | D:9      | Reached XP level 10. HP: 91/91 MP: 10/10
 12558 | D:9      | Noticed a two-headed ogre
 12563 | D:9      | Killed a two-headed ogre
 12564 | D:9      | Reached skill level 10 in Fighting
 12691 | D:9      | Identified the +1 chain mail of Demons {SInv}
 13068 | D:10     | Entered Level 10 of the Dungeon
 13087 | D:10     | Noticed Sonja
 14140 | D:10     | Noticed a centaur warrior
 14151 | D:10     | Killed a centaur warrior
 14275 | D:10     | Found a staircase to the Lair.
 14313 | D:10     | Found a white marble altar of Elyvilon.
 14342 | D:10     | Found a staircase to the Orcish Mines.
 14743 | D:10     | Killed Sonja
 14744 | D:10     | Reached XP level 11. HP: 101/102 MP: 11/11
 16182 | D:12     | Noticed a brown ugly thing
 16182 | D:12     | Noticed a white ugly thing
 16205 | D:11     | Killed a white ugly thing
 16271 | D:11     | Killed a brown ugly thing
 16426 | D:12     | Noticed a deep elf pyromancer
 16433 | D:12     | Killed a deep elf pyromancer
 16693 | D:12     | Noticed a two-headed ogre
 16703 | D:12     | Killed a two-headed ogre
 16704 | D:12     | Reached skill level 5 in Dodging
 16704 | D:12     | Reached skill level 1 in Shields
 17274 | D:12     | Noticed a boulder beetle
 17356 | D:12     | Slain by a boulder beetle

Illustrated notes

Levels and vault maps discovered:
D:1:      dpeg_arrival_rhombi, layout_loops_ring,
          shapermc_ecumenical_altar_hornbeckon, serial_bayou_pond_a
D:2:      layout_basic, minmay_lizard_pond, uniq_crazy_yiuf_cottage, uniq_robin,
          uniq_jessica
D:3:      minmay_goblin_kobold_castle, layout_basic, kiku_gazebo_pond_becter,
          old_standard_altar, dk_yredelemnul_ordeal, kennysheep_nub
D:4:      layout_cave_pods, xom_teletrap_fun, serial_forest,
          infiniplex_forest_split, infiniplex_forest_lined_room_,
          infiniplex_forest_clump_tiny, infiniplex_forest_lined_2,
          infiniplex_forest_clump_cross, infiniplex_forest_clump_double,
          minmay_diced_spiral, uniq_pargi, uniq_menkaure, uniq_edmund
D:5:      layout_basic, nicolae_ru_path_of_blood, uniq_grinder
D:6:      layout_loops_corners, zin_statuary
D:7:      layout_gridville, bloody_trog, gammafunk_temple_overflow_forgotten,
          mainiacjoe_overflow_six_doors_small, minmay_temple_entry_butterflies
D:8:      layout_rooms, lemuel_coloured_pillars_altar, uniq_prince_ribbit1
D:9:      layout_roguey, serial_undead, serial_undead_c, serial_undead_b,
          serial_undead_c, serial_undead_a, serial_undead_e, serial_undead_c,
          serial_undead_e, serial_undead_f, minmay_misc_feat_chi
D:10:     layout_roguey, mainiacjoe_overflow_brackets, lair_entry_dummy,
          hiddenorc2_lemuel, uniq_sonja
D:11:     layout_roguey
D:12:     layout_basic, chequers_serial_rivers_micro_d
Temple:   compressed_dpeg_triangle_lava_temple

Skill      XL: |  1  2  3  4  5  6  7  8  9 10 11 |
---------------+----------------------------------+-----
Armour         | 1 2 3 4 6 8 10 11 13 | 13.1
Fighting       | 4 5 6 9 11 12 | 12.3
Maces & Flails | 4 6 7 8 10 12 13 | 13.3
Dodging        | 1 2 3 5 |  5.3
Stealth        | 1 |  1.8
Throwing       | 1 |  1.9
Shields        | 2 |  2.2
Spellcasting   | |  1.0
Fire Magic     | |  2.1

Action                   |  1- 3 |  4- 6 |  7- 9 | 10-12 || total
-------------------------+-------+-------+-------+-------++-------
Melee: Mace              |    95 |   170 |    59 |       ||   324
       Headbutt          |     7 |    29 |    54 |    72 ||   162
       Punch             |       |     3 |     5 |     7 ||    15
       Flail             |       |       |   276 |   466 ||   742
Throw: Dart              |       |       |    15 |     1 ||    16
Invok: Fiery Armour      |       |     2 |     1 |     1 ||     4
Evoke: Wand              |       |       |       |     6 ||     6
  Use: Potion            |       |     1 |       |     2 ||     3
       Scroll            |       |       |     1 |     7 ||     8
Armor: Robe              |    12 |    22 |       |       ||    34
       Ring mail         |       |    13 |   138 |   186 ||   337
Dodge: Dodged            |    70 |   111 |   172 |   244 ||   597
Block: Buckler           |       |       |       |     3 ||     3
